 Dungeon Crawl Stone Soup version 0.19.4-9-g45fd643 (webtiles) character file.

68 protoss039 the Gusty (level 4, -1/24 HPs)
             Began as a Deep Elf Air Elementalist on Feb 20, 2017.
             Slain by a quokka (3 damage)
             ... on level 1 of the Dungeon.
             The game lasted 00:06:08 (1637 turns).

protoss039 the Gusty (Deep Elf Air Elementalist)    Turns: 1637, Time: 00:06:10

Health: -1/24      AC:  2    Str:  5    XL:     4   Next: 1%
Magic:  1/10       EV: 13    Int: 21    God:
Gold:   131        SH:  0    Dex: 15    Spells: 2 memorised, 6 levels left

rFire  . . .     SeeInvis .     s - +0 mace
rCold  . . .     Gourm    .     a - +0 robe
rNeg   . . .     Faith    .     (no shield)
rPois  .         Spirit   .     (no helmet)
rElec  .         Reflect  .     (no cloak)
rCorr  .         Harm     .     (no gloves)
MR     .....                    (no boots)
Stlth  ++........               (no amulet)
                                (no ring)
                                (no ring)

@: repel missiles
A: no striking features
a: no special abilities


You were on level 1 of the Dungeon.
You were not hungry.

You visited 1 branch of the dungeon, and saw 2 of its levels.

You collected 131 gold pieces.

Inventory:

Hand Weapons
 i - a +0 club
 m - a +0 dagger
 s - a +0 mace (weapon)
Armour
 a - a +0 robe (worn)
 p - a +0 ring mail
Scrolls
 d - a scroll of fog {unknown}
 e - a scroll of immolation {unknown}
 g - a scroll of identify {unknown}
 l - 2 scrolls of random uselessness {unknown}
 n - 2 scrolls of teleportation {unknown}
 o - 2 scrolls of fear {unknown}
Potions
 f - a potion of might {unknown}
 h - a potion of heal wounds {unknown}
 k - 2 potions of haste {unknown}
Books
 b - a book of Air

   Spells                             Type                      Level
   a - Shock                          Conjuration/Air              1
   b - Swiftness                      Charms/Air                   2
   c - Repel Missiles                 Charms/Air                   2
   d - Static Discharge               Conjuration/Air              3
   e - Lightning Bolt                 Conjuration/Air              5
 r - a book of Changes

   Spells                             Type                      Level
   a - Beastly Appendage              Transmutation                1
   b - Sticks to Snakes               Transmutation                2
   c - Spider Form                    Transmutation/Poison         3
   d - Ice Form                       Ice/Transmutation            4
   e - Blade Hands                    Transmutation                5
Comestibles
 c - 2 bread rations
 j - a meat ration
 q - 2 chunks of flesh


   Skills:
 - Level 2.4 Dodging
 - Level 2.4 Stealth
 - Level 3.0 Spellcasting
 + Level 2.5 Conjurations
 * Level 4.3 Air Magic


You had 6 spell levels left.
You knew the following spells:

 Your Spells              Type           Power        Failure   Level  Hunger
a - Shock                 Conj/Air       ###.         3%          1    None
b - Repel Missiles        Chrm/Air       ##....       12%         2    ##.....


Dungeon Overview and Level Annotations

Branches:
Dungeon (2/15)

Altars:

Annotations:
D:1 1 exclusion


Message History

The quokka misses you.
There is an escape hatch in the ceiling here.
Unknown command.
Unknown command.
The quokka closely misses you.
The gnoll hits you from afar with a spear.
* * * LOW HITPOINT WARNING * * *
A mysterious force pulls you upwards. The hatch slams shut behind you.
Level annotation: 1 exclusion Your magical contamination has completely faded away.
Unknown command.
Unknown command.
Unknown command.
Unknown command.
Unknown command.
Unknown command.
You barely miss the quokka.
The quokka is heavily wounded.
The quokka bites you.
You die...

#####
###############.r.#
#..............@#.#
#.#############...#
##.#######.## ##.##
#...........# #.#
#..#######.## #.#
#..# #.# #.# #..#
#.# #.# #..# #.#
#.# #..# #.# #.#


You could see a quokka.

Vanquished Creatures
  2 gnolls (D:2)
  An ooze (D:1)
  A dart slug (D:2)
  2 giant cockroaches (D:2)
  7 goblins
  8 hobgoblins
  2 jackals (D:2)
  3 quokkas (D:2)
  5 bats
  A frilled lizard (D:2)
  2 kobolds
  4 rats (D:2)
38 creatures vanquished.

Notes
Turn   | Place    | Note
-------+----------+-------------------------------------------
     0 | D:1      | protoss039 the Deep Elf Air Elementalist began the quest for the Orb.
     0 | D:1      | Reached XP level 1. HP: 10/10 MP: 6/6
   150 | D:1      | Reached XP level 2. HP: 11/15 MP: 0/8
   919 | D:2      | Learned a level 2 spell: Repel Missiles
  1081 | D:2      | Reached skill level 4 in Air Magic
  1116 | D:2      | Reached XP level 3. HP: 19/19 MP: 2/9
  1258 | D:2      | Found a faded altar of an unknown god.
  1623 | D:2      | Reached XP level 4. HP: 16/24 MP: 0/10
  1637 | D:1      | Slain by a quokka

Skill      XL: |  1  2  3 |
---------------+----------+-----
Air Magic      | 4 |  4.3
Conjurations   | 2 |  2.5
Dodging        | |  2.4
Stealth        | |  2.4
Spellcasting   | |  3.0

Action                   |  1- 3 |  4- 6 || total
-------------------------+-------+-------++-------
Melee: Dagger            |    21 |       ||    21
       Mace              |       |     1 ||     1
 Cast: Shock             |    77 |     2 ||    79
       Repel Missiles    |     2 |       ||     2
  Eat: Chunk             |     2 |       ||     2
Armor: Robe              |    10 |       ||    10
Dodge: Dodged            |    34 |     5 ||    39
       Deflected         |     2 |       ||     2
